Map: Overgrown Facility

Players

MENDL - Winner!

  • Race: Zerg Zerg
  • League: Platinum
  • Spawn Location: 9:00

Galark - Winner!

  • Race: Zerg Zerg
  • Spawn Location: 7:00

Nigrnog

  • Race: Zerg Zerg
  • League: Silver
  • Spawn Location: 1:00

MooEsqoo

  • Race: Zerg Zerg
  • Spawn Location: 3:00

VOD

Have the link to the VOD?

Description

Time

  • Played on: Dec. 30, 2019, 8:10 a.m.
  • Length: 20:17
Show
View Real Time Build Order
Export as new Build Order

MENDL Zerg - Winner!

Build Orders: Pool First 

Get SALT Encoding   

  12  0:19  Spawning Pool  
  11  0:55  Hatchery  
  10  0:58  Overlord  
  10  1:05  Drone  
  10  1:07  Drone  
  12  1:13  Drone  
  13  1:27  Queen  
  13  1:32  Drone  
  16  1:37  Drone  
  17  1:43  Zergling x2  
  18  1:51  Extractor  
  18  1:52  Zergling x2  
  18  2:04  Drone  
  19  2:09  Drone  
  19  2:15  Queen  
  22  2:21  Drone x2  
  24  2:31  Drone x2  
  26  2:40  Zergling x2  
  26  2:41  Zergling x2  
  26  2:44  Overlord  
  28  2:46  Overlord  
  28  2:56  Overlord  
  28  3:08  Zergling x6  
  28  3:10  Metabolic Boost  
  30  3:40  Zergling x2  
  30  3:41  Zergling x16  
  37  3:47  Drone  
  39  4:06  Evolution Chamber, Drone x4  
  42  4:22  Baneling Nest  
  42  4:23  Lair  
  42  4:24  Drone x2  
  42  4:25  Drone  
  42  4:29  Drone  
  39  4:54  Zergling x12  
  39  4:55  Zergling x8  
  41  5:17  Overlord  
  41  5:18  Overlord  
  41  5:19  Overlord  
  41  5:21  Overlord  
  41  5:23  Drone x2  
  37  5:51  Zergling x2  
  37  5:52  Zergling x14  
  37  5:54  Zerg Melee Weapons Level 1  
  37  5:55  Centrifical Hooks  
  45  6:00  Zergling x8  
  49  6:13  Zergling x4  
  51  6:22  Zergling x8  
  55  6:26  Drone  
  55  6:27  Extractor, Zergling x2  
  55  6:28  Zergling x2  
  57  6:35  Infestation Pit  
  57  6:36  Drone  
  57  6:43  Drone  
  57  6:44  Drone x2  
  57  6:45  Zergling x6  
  63  6:59  Zergling x8  
  67  7:09  Drone x2  
  67  7:12  Hive, Hatchery  
  68  7:17  Zergling x2  
  68  7:18  Zergling x6  
  72  7:26  Drone x4  
  76  7:36  Zergling x4  
  78  7:41  Overlord  
  78  7:42  Overlord  
  78  7:43  Overlord  
  78  7:46  Overlord  
  53  8:49  Zergling x2  
  53  8:50  Zergling x34  
  59  9:01  Ultralisk Cavern  
  58  9:07  Extractor  
  58  9:08  Queen, Extractor  
  58  9:10  Zergling x2  
  58  9:11  Zergling x6  
  58  9:13  Baneling  
  58  9:14  Baneling x20  
  62  9:19  Zergling x2  
  62  9:20  Zergling x4  
  65  9:30  Drone x3  
  68  9:38  Zergling x2  
  68  9:39  Zergling x14  
  76  9:47  Drone x2  
  76  9:51  Drone, Extractor  
  78  9:54  Extractor  
  77  10:11  Zergling x4  
  77  10:12  Zergling x16  
  87  10:17  Drone x2  
  87  10:20  Drone x2  
  91  10:26  Chitinous Plating  
  91  10:28  Adrenal Glands  
  91  10:30  Overlord x2  
  91  10:33  Baneling x3  
  91  10:34  Baneling x3  
  91  10:35  Baneling  
  91  10:39  Drone x2  
  91  10:40  Drone  
  94  10:46  Drone x3  
  94  10:49  Overseer  
  97  10:53  Drone x3  
  100  10:59  Drone x3  
  103  11:06  Drone  
  103  11:07  Drone x3  
  107  11:14  Overlord  
  107  11:18  Overlord  
  107  11:21  Overlord  
  107  11:30  Zerg Melee Weapons Level 2  
  107  11:35  Zergling x2  
  107  11:36  Zergling x10  
  107  11:37  Zergling x2  
  107  11:38  Zergling x2  
  115  11:40  Zergling x2  
  115  11:41  Zergling x2  
  115  11:43  Zergling x2  
  115  11:44  Zergling x2  
  115  11:45  Anabolic Synthesis  
  119  11:49  Baneling x2  
  119  11:50  Baneling x7  
  119  11:51  Baneling x2  
  119  12:03  Hatchery  
  118  12:10  Overlord  
  118  12:11  Overlord x3  
  118  12:18  Zergling x2  
  118  12:19  Zergling x8  
  118  12:20  Zergling x2  
  118  12:21  Zergling x2  
  125  12:29  Baneling  
  125  12:30  Baneling x12  
  125  12:44  Zergling x18  
  126  12:45  Zergling x4  
  136  12:58  Zergling x4  
  137  12:59  Zergling x16  
  146  13:06  Drone x5  
  146  13:09  Drone x2  
  153  13:19  Baneling  
  153  13:20  Baneling x16  
  153  13:21  Baneling  
  152  13:47  Zerg Ground Armor Level 1  
  77  14:14  Ultralisk x6  
  112  14:17  Ultralisk  
  112  14:33  Ultralisk  
  112  14:34  Ultralisk x3  
  136  15:00  Extractor x2  
  136  15:07  Drone x3  
  135  15:08  Drone x3  
  140  15:28  Zergling x2  
  141  15:29  Zergling x50  
  141  15:30  Zergling x6  
  127  16:35  Zergling x24  
  127  16:36  Zergling x24  
  127  16:55  Hatchery  
  127  16:57  Zergling x4  
  127  16:58  Zergling x12  
  134  17:05  Queen  
  136  17:20  Extractor x2  
  117  17:38  Hatchery  
  117  17:40  Extractor  
  87  18:01  Ultralisk x6  
  87  18:02  Ultralisk x8  
Show
View Real Time Build Order
Export as new Build Order

Galark Zerg - Winner!

Build Orders: Pool First 

Get SALT Encoding   

  12  0:05  Drone  
  13  0:08  Drone  
  14  0:28  Spawning Pool  
  13  0:30  Drone  
  14  0:38  Overlord  
  14  0:58  Drone x2  
  16  1:05  Drone  
  17  1:14  Queen  
  19  1:27  Hatchery  
  18  1:47  Zergling x6  
  21  1:58  Overlord, Extractor  
  20  2:14  Drone  
  21  2:24  Zergling x8  
  25  2:39  Queen  
  25  2:40  Drone  
  29  2:44  Drone  
  29  2:51  Queen  
  31  3:01  Zergling x4  
  31  3:02  Zergling x6  
  36  3:06  Overlord  
  36  3:07  Overlord  
  36  3:26  Zergling x4  
  38  3:30  Zergling x2  
  38  3:31  Drone  
  40  3:35  Drone x2  
  43  4:02  Zergling x2  
  43  4:03  Zergling x10  
  43  4:06  Zergling x6  
  50  4:35  Metabolic Boost  
  50  4:40  Zergling x2  
  50  4:41  Overlord x3  
  50  4:42  Overlord  
  28  5:45  Zergling x14  
  28  5:49  Zergling x14  
  43  5:50  Zergling x2  
  42  6:07  Zergling x2  
  42  6:08  Zergling x4  
  45  6:17  Extractor  
  44  6:19  Drone  
  45  6:31  Zergling x6  
  48  6:34  Drone x2  
  48  6:35  Drone x4  
  53  7:14  Drone x2  
  53  7:15  Drone  
  56  7:17  Hatchery  
  56  7:18  Lair  
  55  7:24  Drone x2  
  55  7:25  Drone x5  
  55  7:29  Extractor  
  61  7:33  Overlord  
  61  8:13  Evolution Chamber  
  40  9:02  Spire  
  39  9:06  Drone  
  39  9:09  Extractor  
  39  9:33  Zerg Ground Armor Level 1  
  39  9:37  Spine Crawler  
  38  9:42  Queen  
  38  9:43  Drone x2  
  38  9:44  Drone  
  43  10:13  Mutalisk x4  
  43  10:14  Mutalisk x6  
  49  10:15  Mutalisk x3  
  49  10:17  Overlord x3  
  69  10:24  Mutalisk  
  71  10:33  Drone x2  
  71  10:34  Drone  
  74  10:41  Zerg Flyer Weapons Level 1  
  74  10:48  Mutalisk  
  76  10:54  Mutalisk  
  78  11:14  Overseer  
  78  11:18  Mutalisk x2  
  78  11:23  Drone x2  
  78  11:24  Drone  
  85  11:29  Extractor  
  84  11:44  Spire  
  84  11:45  Mutalisk  
  85  12:04  Mutalisk x2  
  89  12:29  Drone  
  91  12:30  Drone x7  
  97  13:03  Mutalisk x3  
  97  13:04  Mutalisk x3  
  109  13:11  Drone  
  109  13:12  Drone x2  
  112  13:14  Drone x2  
  112  13:16  Extractor  
  113  13:23  Mutalisk x2  
  117  13:33  Mutalisk x2  
  121  13:46  Zerg Flyer Weapons Level 2  
  113  15:05  Infestation Pit  
  74  15:42  Corruptor  
  74  15:43  Corruptor x7  
  74  15:45  Corruptor x6  
  74  15:46  Corruptor  
  104  16:46  Hive  
  104  16:51  Zerg Flyer Armor Level 1  
  104  17:17  Hatchery  
  104  17:22  Corruptor x2  
  103  17:23  Corruptor x7  
  121  17:35  Extractor  
  121  17:37  Extractor  
  73  18:53  Corruptor x2  
  73  18:54  Corruptor x7  
  83  18:56  Corruptor  
  83  18:57  Corruptor x4  
  93  19:04  Greater Spire  
  93  19:56  Zergling x6  
Show
View Real Time Build Order
Export as new Build Order

Nigrnog Zerg 

Build Orders: 3 Hatch before Pool 

Get SALT Encoding   

  12  0:01  Drone  
  13  0:08  Drone  
  14  0:18  Overlord  
  14  0:36  Drone x2  
  14  0:38  Drone  
  17  0:47  Drone  
  18  1:00  Hatchery  
  17  1:05  Drone  
  17  1:09  Overlord  
  18  1:20  Drone  
  19  1:32  Drone  
  20  1:42  Drone  
  20  1:44  Hatchery  
  20  1:48  Extractor  
  20  1:52  Drone  
  20  1:57  Spawning Pool  
  19  2:16  Drone  
  19  2:22  Drone, Extractor  
  21  2:28  Drone  
  21  2:30  Drone  
  21  2:33  Hatchery  
  21  2:34  Drone  
  21  2:36  Drone  
  23  2:45  Zergling x4  
  23  2:47  Zergling x2  
  26  2:56  Zergling x6  
  29  3:03  Queen  
  31  3:12  Zergling x6  
  34  3:20  Queen  
  35  3:40  Queen  
  39  3:50  Zergling x6  
  39  3:51  Zergling x4  
  44  3:56  Baneling Nest  
  44  3:59  Drone  
  44  4:07  Drone x2  
  44  4:27  Overlord x2  
  44  4:28  Overlord  
  44  4:40  Overlord x4  
  35  4:50  Zergling x8  
  35  4:51  Zergling x6  
  36  4:56  Overlord  
  36  4:57  Zergling x2  
  37  5:08  Spine Crawler  
  20  5:33  Drone x4  
  20  5:34  Drone x7  
  29  5:51  Zergling x6  
  29  5:52  Zergling x4  
  33  5:57  Queen  
  35  6:04  Spine Crawler  
  35  6:09  Spine Crawler  
  33  6:17  Spine Crawler  
  32  6:20  Zergling x6  
  35  6:26  Spine Crawler  
  34  6:39  Extractor  
  35  6:40  Drone  
  35  6:41  Extractor  
  35  6:45  Drone x2  
  35  6:59  Metabolic Boost  
  35  7:03  Lair  
  33  7:08  Queen  
  33  7:12  Drone x3  
  38  7:17  Drone  
  38  7:18  Drone x2  
  41  7:31  Drone x3  
  44  7:38  Zergling x6  
  44  7:39  Zergling x6  
  50  7:46  Baneling Nest  
  49  7:54  Zergling x6  
  49  7:55  Zergling x4  
  54  8:06  Drone  
  54  8:07  Drone  
  27  8:30  Zergling x18  
  27  8:31  Zergling x4  
  30  8:42  Drone x2  
  29  9:09  Hatchery  
  28  9:13  Drone x2  
  30  9:18  Drone  
  31  9:25  Drone  
  31  9:29  Drone  
  33  9:38  Drone x2  
  35  9:39  Drone  
  36  9:53  Spawning Pool  
  36  9:57  Drone  
  36  10:00  Drone  
  36  10:02  Drone  
  36  10:06  Drone  
  39  10:42  Drone x2  
  41  10:44  Hatchery  
  40  10:50  Lair, Hatchery  
  40  10:54  Zergling x4  
  41  10:58  Drone  
  41  10:59  Drone  
  41  11:03  Drone  
  44  11:18  Overlord x2  
  44  11:19  Overlord x2  
  44  11:24  Zergling x4  
  46  11:26  Drone  
  47  11:45  Queen  
  49  11:52  Drone  
  49  11:53  Drone  
  51  12:06  Extractor  
  51  12:07  Extractor  
  49  12:10  Queen  
  49  12:12  Queen  
  53  12:16  Drone  
  53  12:17  Drone  
  53  12:20  Extractor  
  53  12:21  Drone x2, Extractor  
  55  12:32  Infestation Pit  
  55  12:36  Spire, Drone, Spore Crawler  
  53  12:39  Drone  
  53  12:42  Drone x2  
  56  12:46  Drone x2  
  56  12:50  Drone x2  
  60  12:55  Queen  
  62  13:10  Drone x5  
  62  13:11  Drone x5  
  72  13:20  Drone x2  
  72  13:21  Drone x2  
  72  13:25  Drone x5  
  70  13:51  Zergling x8  
  70  13:52  Zergling x14  
  70  13:53  Zergling x16  
  70  13:54  Zergling x2  
  89  13:56  Zergling x8  
  93  14:05  Spore Crawler x2  
  93  14:07  Spore Crawler  
  93  14:08  Spore Crawler  
  82  14:12  Spore Crawler  
  82  14:15  Spore Crawler  
  82  14:16  Spore Crawler  
  67  14:20  Mutalisk x7  
  81  14:33  Mutalisk x5  
  91  14:38  Mutalisk  
  91  14:39  Mutalisk  
  91  14:44  Mutalisk  
  91  14:45  Mutalisk  
  92  14:57  Mutalisk x3  
  98  15:06  Extractor  
  95  15:08  Extractor  
  90  15:33  Drone x8  
  98  15:45  Drone x5  
  80  16:20  Drone x6  
  80  16:21  Drone x6  
  74  16:53  Drone x7, Hatchery  
  80  16:56  Queen  
  80  17:00  Queen  
  83  17:02  Drone x2  
  83  17:06  Mutalisk  
  83  17:07  Mutalisk x2  
  91  17:20  Drone x3  
  94  17:36  Queen  
  92  17:42  Corruptor x6  
  100  17:53  Drone x2  
  100  17:54  Drone x2  
  100  17:56  Mutalisk x2  
  108  18:03  Drone x3  
  108  18:04  Drone  
  112  18:09  Extractor  
  112  18:11  Drone x3  
  112  18:12  Queen  
  116  18:21  Mutalisk x2  
  80  18:43  Mutalisk x2  
  76  18:50  Mutalisk  
  57  19:03  Spine Crawler  
  57  19:04  Spine Crawler  
  57  19:05  Spine Crawler x2  
  53  19:22  Drone x6  
  59  19:30  Drone x3  
  62  19:39  Drone x2  
  64  19:51  Drone x2  
  65  20:02  Drone  
  65  20:03  Drone x3  
Show
View Real Time Build Order
Export as new Build Order

MooEsqoo Zerg 

Build Orders: Pool First 

Get SALT Encoding   

  12  0:02  Drone  
  13  0:16  Drone  
  13  0:21  Overlord  
  14  0:39  Drone x2  
  16  0:43  Spawning Pool  
  16  0:46  Drone  
  16  0:53  Drone  
  17  0:59  Extractor  
  17  1:03  Drone  
  17  1:20  Hatchery  
  17  1:23  Drone  
  17  1:26  Drone  
  18  1:36  Drone  
  18  1:39  Queen  
  21  1:45  Overlord  
  21  2:10  Drone  
  22  2:17  Zergling x2  
  22  2:22  Metabolic Boost  
  23  2:24  Zergling x2  
  24  2:36  Drone x2  
  26  2:41  Zergling x2  
  27  2:47  Zergling x2  
  27  2:49  Queen  
  30  2:54  Spine Crawler  
  30  2:58  Zergling x6  
  30  2:59  Zergling x2  
  33  3:13  Zergling x6  
  36  3:24  Overlord x2  
  36  3:25  Overlord  
  36  3:38  Overlord  
  36  3:54  Drone x3  
  36  3:55  Drone x3  
  42  4:04  Roach Warren  
  42  4:06  Baneling Nest  
  42  4:08  Drone x2  
  42  4:22  Zergling x4  
  44  4:28  Zergling x2  
  44  4:29  Zergling x2  
  46  4:45  Zergling x2  
  46  4:46  Zergling x10  
  51  4:54  Zergling x4  
  51  4:58  Zergling x2  
  40  5:15  Zergling x2  
  40  5:16  Roach x6  
  40  5:17  Roach  
  55  5:22  Zergling x2  
  56  5:31  Zergling x4  
  53  5:48  Zergling x4  
  53  5:49  Zergling x2  
  49  5:56  Baneling x5  
  50  5:57  Zergling x2  
  50  5:58  Queen  
  52  6:06  Queen  
  52  6:10  Drone x3  
  57  6:22  Drone x2  
  59  6:35  Lair  
  59  6:43  Roach x2, Zergling x4  
  59  6:44  Zergling x4  
  59  6:46  Overlord  
  67  7:14  Extractor  
  67  7:15  Extractor  
  65  7:33  Extractor, Roach x5  
  65  7:35  Overlord x5  
  74  7:46  Ravager  
  75  8:01  Roach x4  
  75  8:02  Roach  
  85  8:15  Hatchery  
  73  9:12  Roach x6  
  73  9:13  Roach x6  
  73  9:16  Drone  
  98  9:30  Baneling  
  98  9:31  Zergling x4  
  98  9:32  Zergling x4  
  98  9:36  Ravager x2  
  98  9:37  Ravager  
  105  9:41  Drone  
  105  9:42  Drone x5  
  105  9:43  Drone x2  
  113  9:50  Zergling x4  
  115  9:54  Extractor x2  
  113  10:19  Drone x5  
  113  10:20  Drone x2  
  120  10:26  Overlord x2  
  120  10:27  Overlord x2  
  120  10:28  Overlord x4  
  120  10:31  Ravager  
  121  10:36  Baneling x3  
  121  10:37  Baneling x7  
  121  10:38  Baneling x2  
  121  10:41  Centrifical Hooks  
  121  10:42  Glial Reconstitution  
  121  10:44  Queen  
  121  10:49  Evolution Chamber x2  
  121  10:51  Hydralisk Den  
  121  10:55  Drone  
  121  10:56  Drone x6, Infestation Pit  
  126  10:57  Drone  
  127  11:29  Overseer  
  127  11:33  Muscular Augments  
  127  11:34  Hydralisk x4  
  135  12:02  Ravager x4  
  135  12:03  Ravager  
  135  12:04  Hydralisk  
  142  12:18  Drone x4  
  142  12:19  Drone x3, Hydralisk x4  
  142  12:20  Hydralisk  
  142  12:21  Drone x3  
  142  12:22  Drone  
  163  12:39  Hatchery  
  163  12:41  Hydralisk x2  
  163  12:42  Hydralisk x3  
  172  12:44  Grooved Spines  
  172  12:46  Zerg Missile Weapons Level 1  
  172  13:06  Hydralisk  
  172  13:07  Hydralisk x5  
  172  13:12  Zerg Ground Armor Level 1  
  184  13:13  Overlord x2  
  184  13:30  Hydralisk  
  184  13:31  Hydralisk  
  184  13:32  Hydralisk x3  
  184  13:33  Hydralisk x2  
  104  14:09  Hydralisk x2  
  90  14:10  Hydralisk x7  
  92  14:28  Spore Crawler  
  92  14:30  Spore Crawler  
  78  14:32  Hydralisk x2, Spore Crawler  
  78  14:33  Hydralisk x2  
  81  14:51  Spore Crawler  
  81  14:52  Zerg Missile Weapons Level 2  
  80  14:58  Hydralisk x3  
  80  14:59  Hydralisk  
  88  15:00  Queen  
  88  15:06  Zergling x4  
  92  15:11  Zerg Ground Armor Level 2  
  92  15:36  Queen  
  92  15:57  Hatchery  
  89  16:21  Hydralisk x7  
  83  16:34  Hydralisk x2  
  77  16:48  Hydralisk x2  
  81  17:11  Drone x4  
  81  17:12  Drone x7  
  92  17:19  Hydralisk x2  
  92  17:20  Hydralisk  
  98  17:43  Hydralisk x6  
  53  18:02  Hydralisk x5  
  61  18:18  Hydralisk x4  
  53  19:11  Hydralisk x4  
  53  19:12  Hydralisk  
Tags
 
Add a new tag
Caveats
  • Supply blocks, unpowered buildings, or Contaminate may cause inaccurate times.
  • Supply counts are checked every 10 seconds.